 Dungeon Crawl Stone Soup version 0.27.1-3-gb3d3a73c9e (webtiles) character file.

Game seed: 2829677372020005750

4097 horus123 the Blocker (level 10, -6/83 (88) HPs)
             Began as a Hill Orc Fighter on Oct 27, 2021.
             Was an Elder of Zin.
             Killed from afar by an orc wizard (7 damage)
             ... with a magic dart
             ... on level 8 of the Dungeon.
             The game lasted 00:16:58 (7623 turns).

horus123 the Blocker (Hill Orc Fighter)             Turns: 7623, Time: 00:16:59

HP:   -6/83 (88)    AC: 17    Str: 24    XL:     10   Next: 26%
MP:   10/11         EV:  7    Int:  9    God:    Zin [****..]
Gold: 166           SH: 14    Dex: 11    Spells: 9/9 levels left

rFire    . . .     SeeInvis +   a - +2 war axe
rCold    . . .     Faith    .   c - +2 kite shield
rNeg     . . .     Spirit   .   k - +0 chain mail
rPois    ∞         Reflect  .   (no helmet)
rElec    .         Harm     .   (no cloak)
rCorr    .         Rampage  .   b - +1 pair of gloves
Will     .....                  (no boots)
Stlth    ..........             (no amulet)
HPRegen  0.23/turn              e - ring of see invisible
MPRegen  0.12/turn              q - +4 ring of protection

@: vitalised, drained
A: no striking features
a: Renounce Religion, Recite, Vitalisation, Imprison, Donate Gold


You were on level 8 of the Dungeon.
You worshipped Zin.
Zin was greatly pleased with you.
You visited 1 branch of the dungeon, and saw 8 of its levels.

You collected 365 gold pieces.
You donated 199 gold pieces to Zin.

Inventory:

Hand Weapons
 a - a +2 war axe (weapon)
 g - a +0 glaive
Armour
 b - a +1 pair of gloves (worn)
 c - a +2 kite shield (worn)
 k - a +0 chain mail (worn)
 r - a +2 ring mail of poison resistance
Jewellery
 e - a ring of see invisible (left hand)
 f - a ring of protection from cold
 q - a +4 ring of protection (right hand)
 s - a ring of resist corrosion
Scrolls
 d - a scroll of fear
 m - a scroll of teleportation
 o - a scroll of holy word
 t - a scroll of immolation
 u - 2 scrolls of identify
Potions
 h - a potion of curing
 j - a potion of cancellation {unknown}
 l - a potion of mutation {unknown}
 n - 4 potions of lignification
 p - 2 potions of flight


   Skills:
 + Level 8.1 Fighting
 - Level 10.0 Axes
 + Level 7.5 Armour
 - Level 0.2 Stealth
 + Level 10.3 Shields
 + Level 1.5 Invocations


You had 9 spell levels left.
You didn't know any spells.
Your spell library contained the following spells:

 Spells                   Type           Power      Damage    Failure   Level
 Foxfire                  Conj/Fire      0%         2x1d4     99%         1
 Magic Dart               Conj           0%         1d3       99%         1
 Corpse Rot               Necr/Air       N/A        N/A       100%        2
 Poisonous Vapours        Pois/Air       0%         N/A       100%        2
 Searing Ray              Conj           0%         3d3       100%        2
 Slow                     Hex            0%         N/A       100%        2
 Confusing Touch          Hex            0%         N/A       100%        3
 Conjure Flame            Conj/Fire      0%         6-21      100%        3
 Dazzling Flash           Conj/Hex       0%         N/A       100%        3
 Gell's Gravitas          Tloc           0%         N/A       100%        3
 Inner Flame              Hex/Fire       0%         N/A       100%        3
 Lesser Beckoning         Tloc           0%         N/A       100%        3
 Teleport Other           Tloc           0%         N/A       100%        3
 Vampiric Draining        Necr           0%         2d6       100%        3
 Fulminant Prism          Conj/Hex       0%         3d6       100%        4
 Iskenderun's Mystic Bla  Conj/Tloc      0%         2d3       100%        4
 Freezing Cloud           Conj/Ice/Air   0%         6-21      100%        5
 Starburst                Conj/Fire      0%         6d3       100%        6


Dungeon Overview and Level Annotations

Branches:
Dungeon (8/15)             Temple (0/1) D:4
   Lair: D:8-11

Altars:
Yredelemnul
Zin
The Shining One


Message History

You closely miss the orc wizard. You slash the orc priest!
The water moccasin bites you but does no damage.
You block the orc wizard's attack. You block the water moccasin's attack.
The orc priest calls down the wrath of Beogh upon you.
Beogh smites you!
* * * LOW HITPOINT WARNING * * *
You barely miss the water moccasin.
The water moccasin is lightly wounded.
You barely miss the orc wizard. You hit the orc priest.
The water moccasin bites you.
* * * LOW HITPOINT WARNING * * *
Your divine stamina protects you from poison!
You block the orc wizard's attack.
The orc priest mumbles some strange prayers to Beogh against you.
Pain shoots through your body!
* * * LOW HITPOINT WARNING * * *
The water moccasin bites you.
* * * LOW HITPOINT WARNING * * *
Your divine stamina protects you from poison!
You closely miss the water moccasin.
The water moccasin is lightly wounded.
You closely miss the orc wizard. You slash the orc priest!
You kill the orc priest!
The orc wizard casts a spell at you.
You easily resist.
The water moccasin bites you but does no damage.
You miss the water moccasin.
The water moccasin is lightly wounded.
You hit the orc wizard but do no damage.
The water moccasin bites you but does no damage.
The orc wizard points at you and mumbles some strange words.
You easily resist.
The water moccasin barely misses you. You block the orc wizard's attack.
You hit the water moccasin.
The water moccasin is lightly wounded.
You hit the orc wizard but do no damage.
You block the water moccasin's attack.
The orc wizard points at you and mumbles some strange words.
The magic dart hits you!
You die...

.. .............# ..
.............# .
#...........#
.#...........##.##...
...#..)..............
..#..................
......o)#...#.......
......S@#...#.....#
.......)...##.....##
.........†.#.......#...
....#.........#....#...
#.....................#.
..............##.....##.
.............###.....##.
...#..........#...>.....
...#...##............#..


You could see a water moccasin and an orc wizard.

Vanquished Creatures
  Prince Ribbit (D:7)
  3 wyverns (D:8)
  4 water moccasins
  An ice beast (D:4)
  A sky beast (D:5)
  A hornet zombie (D:5)
  4 black bears
  2 centaurs (D:6)
  3 ogres
  A necrophage (D:5)
  The ghost of BuzzyBeetle the Caller, an amateur MfSu (D:4)
  3 phantoms
  3 bullfrogs
  A gnoll sergeant (D:8)
  2 scorpions
  2 water moccasin skeletons (D:5)
  8 wights
  A howler monkey (D:7)
  A crimson imp (D:3)
  A centaur zombie (D:7)
  2 bullfrog zombies (D:5)
  An orc priest (D:8)
  2 hounds
  3 centaur skeletons (D:7)
  5 iguanas
  Natasha (twice) (D:3)
  4 orc wizards
  2 hound skeletons (D:4)
  3 gnolls (D:8)
  4 adders
  3 white imps
  An ufetubus (D:6)
  2 worms
  3 dart slugs
  18 orcs
  7 endoplasms
  2 giant cockroaches
  4 goblins
  9 hobgoblins
  3 jackals (D:3)
  5 kobolds
  5 quokkas
  5 ball pythons
  5 bats
  2 frilled lizards (D:1)
  A goblin skeleton (D:3)
  3 goblin zombies (D:3)
  3 hobgoblin zombies (D:3)
  A kobold skeleton (D:3)
  A kobold zombie (D:3)
  2 orc zombies (D:3)
  2 rats (D:1)
159 creatures vanquished.

Vanquished Creatures (others)
  3 fungi (D:8)
  12 plants (D:8)
15 creatures vanquished.

Grand Total: 174 creatures vanquished

Notes
Turn   | Place    | Note
-------+----------+-------------------------------------------
     0 | D:1      | horus123 the Hill Orc Fighter began the quest for the Orb.
     0 | D:1      | Reached XP level 1. HP: 19/19 MP: 1/1
   184 | D:1      | Reached XP level 2. HP: 26/27 MP: 2/2
   609 | D:1      | Reached XP level 3. HP: 32/33 MP: 3/3
  1635 | D:2      | Reached XP level 4. HP: 28/40 MP: 4/4
  1832 | D:3      | Found a faded altar of an unknown god.
  1900 | D:3      | Found a glowing silver altar of Zin.
  2005 | D:3      | Reached skill level 5 in Shields
  2027 | D:3      | Reached XP level 5. HP: 6/46 MP: 5/5
  2422 | D:3      | Found a glowing golden altar of the Shining One.
  2660 | D:3      | Noticed Natasha
  2666 | D:3      | Killed Natasha
  2754 | D:3      | Noticed Natasha
  2758 | D:3      | Killed Natasha
  2759 | D:3      | Reached XP level 6. HP: 48/53 MP: 6/6
  2977 | D:3      | Became a worshipper of Zin the Law-Giver
  3026 | D:4      | Found a runed translucent door.
  3027 | D:4      | Noticed BuzzyBeetle's ghost (amateur MfSu)
  3043 | D:4      | Killed BuzzyBeetle's ghost
  3354 | D:4      | Found a staircase to the Ecumenical Temple.
  3381 | D:4      | Reached * piety under Zin
  3392 | D:4      | Donated 61 gold pieces to Zin
  3406 | D:4      | Noticed a black bear
  3412 | D:4      | Killed a black bear
  3413 | D:4      | Reached skill level 5 in Fighting
  3413 | D:4      | Reached XP level 7. HP: 61/61 MP: 7/7
  3687 | D:4      | Reached skill level 5 in Axes
  3944 | D:5      | Entered Level 5 of the Dungeon
  3968 | D:5      | Reached XP level 8. HP: 61/69 MP: 8/8
  4074 | D:5      | Reached ** piety under Zin
  4267 | D:5      | Reached skill level 5 in Armour
  4533 | D:5      | Reached XP level 9. HP: 33/77 MP: 9/9
  5597 | D:6      | Reached *** piety under Zin
  6384 | D:6      | Donated 102 gold pieces to Zin
  6409 | D:7      | Reached skill level 10 in Axes
  6489 | D:7      | Noticed Prince Ribbit
  6502 | D:7      | Killed Prince Ribbit
  6836 | D:7      | Reached **** piety under Zin
  6840 | D:7      | Found a basalt altar of Yredelemnul.
  7373 | D:8      | Reached skill level 1 in Invocations
  7377 | D:8      | Reached XP level 10. HP: 58/86 MP: 10/10
  7488 | D:8      | Reached skill level 10 in Shields
  7620 | D:8      | HP: 1/83 [water moccasin (5)]
  7623 | D:8      | Killed from afar by an orc wizard

Illustrated notes

Levels and vault maps discovered:
D:1:      evilmike_arrival_crescent, layout_basic, minmay_misc_feat_columns,
          minmay_door_square, st_stairs_12, hangedman_decor_growths,
          chequers_serial_rivers_room_a
D:2:      layout_loops_ring
D:3:      layout_loops_ring, nicolae_tso_besieged_by_evil, zin_scriptorium,
          shapermc_ecumenical_altar_starsandcircs, uniq_natasha
D:4:      layout_gridville, minmay_temple_entry_from_below_b,
          gammafunk_ghost_grave, dk_vineyard_1
D:5:      layout_cave_pods, minmay_crossroads
D:6:      layout_basic, dk_noncrumbling_2
D:7:      layout_basic, mainiacjoe_overflow_concentric_impassable,
          uniq_prince_ribbit1
D:8:      layout_cave_pools, elyvilon_altar_1, minmay_lair_entry_grove,
          minmay_diamond_spiral, uniq_erica

Skill      XL: |  1  2  3  4  5  6  7  8  9 10 |
---------------+-------------------------------+-----
Axes           | 3 4 5 8 10 | 10.0
Fighting       | 4 5 6 7 8 |  8.1
Shields        | 4 5 6 7 8 9 10 | 10.3
Armour         | 4 5 7 |  7.5
Invocations    | 1 |  1.5
Stealth        | |  0.2

Action                   |  1- 3 |  4- 6 |  7- 9 | 10-12 || total
-------------------------+-------+-------+-------+-------++-------
Melee: War axe           |   111 |   121 |   282 |    56 ||   570
Invok: Donate Gold       |       |     1 |     1 |       ||     2
       Recite            |       |       |     1 |       ||     1
       Vitalisation      |       |       |       |     1 ||     1
  Use: Scroll            |     5 |     8 |     4 |       ||    17
       Potion            |       |     3 |     1 |     2 ||     6
Armor: Scale mail        |    54 |    90 |    62 |       ||   206
       Chain mail        |       |       |    82 |    25 ||   107
Dodge: Dodged            |    30 |    48 |    75 |    12 ||   165
Block: Kite shield       |    59 |    88 |   204 |    52 ||   403
